[Event "XTX Markets London Masters 2024"]
[Site "London"]
[Date "2024.11.29"]
[Round "1.39"]
[White "Dong, Bao Nghia"]
[Black "Zhang, Kendrick Botong"]
[Result "1-0"]
[ECO "B85"]
[WhiteElo "2247"]
[BlackElo "2011"]
[Annotator "RC"]
[PlyCount "85"]
[EventDate "2024.11.28"]
[EventType "swiss"]
[EventCountry "ENG"]
[SourceTitle "playchess.com"]
[Source "ChessBase"]
[SourceQuality "1"]
[TimeControl "40/5400+30:1800+30"]

1. e4 c5 2. Nf3 e6 3. d4 cxd4 4. Nxd4 Nc6 5. Nc3 Qc7 6. Be2 a6 7. O-O Nf6 8. Be3 Be7 9. f4 d6 10. Qe1 O-O 11. Qg3 Nd7 12. f5 Nxd4 13. Bxd4 Bf6 14. Rad1 Ne5 15. a4 Qe7 16. a5 Bd7 17. Rf2 Bc6 18. Qh3 Nd7 19. Bc4 Rfe8 20. fxe6 fxe6 21. Rfd2 Bxd4+ 22. Rxd4 Ne5 23. Bb3 Rad8 24. Ne2 Nf7 25. Ng3 d5 26. Nh5 Ng5 27. Qg4 Nxe4 28. c4 Nf6 29. Nxf6+ Qxf6 30. Rf1 Qe7 31. Bc2 Rf8 32. Rxf8+ Rxf8 33. Qh5 h6 34. Qg6 Qf6 35. Qh7+ Kf7 36. Rg4 Ke8 37. h3 Qxb2 38. Rxg7 Qd4+ 39. Kh2 Qxc4 40. Rg4 Qc5 41. Qc7 Qf2 42. Bg6+ Rf7 43. Rf4 1-0

[Event "XTX Markets London Masters 2024"]
[Site "London"]
[Date "2024.11.29"]
[Round "1.40"]
[White "Bird, Joel"]
[Black "Carlin, John D"]
[Result "1/2-1/2"]
[ECO "B90"]
[WhiteElo "2001"]
[BlackElo "2235"]
[Annotator "RC"]
[PlyCount "78"]
[EventDate "2024.11.28"]
[EventType "swiss"]
[EventCountry "ENG"]
[SourceTitle "playchess.com"]
[Source "ChessBase"]
[SourceQuality "1"]
[TimeControl "40/5400+30:1800+30"]

1. e4 c5 2. Nf3 d6 3. d4 cxd4 4. Nxd4 Nf6 5. Nc3 a6 6. f3 e5 7. Nb3 Be6 8. Be3 Nbd7 9. Qd2 b5 10. g4 Nb6 11. g5 Nh5 12. Nd5 Bxd5 13. exd5 Rc8 14. Na5 Nxd5 15. Nb7 Nxe3 16. Nxd8 Nxc2+ 17. Kf2 Nxa1 18. Bd3 Rxd8 19. Rxa1 Nf4 20. a4 bxa4 21. Bxa6 Be7 22. Rxa4 Bxg5 23. Bb5+ Kf8 24. Qc2 g6 25. Bc6 Kg7 26. Qe4 Kh6 27. Ra5 Rb8 28. Rb5 d5 29. Qa4 Rbc8 30. Rb7 f6 31. b4 Rhd8 32. b5 d4 33. Qa7 Bh4+ 34. Kf1 Rh8 35. Rd7 f5 36. Qc5 Nd3 37. Qc4 Nf4 38. Qc5 Nd3 39. Qc4 Nf4 1/2-1/2